 Dungeon Crawl Stone Soup version 0.14.1-26-g5a19342 (webtiles) character file.

11571 Kae the Covert (level 11, -3/56 HPs)
             Began as a Spriggan Enchanter on Aug 2, 2014.
             Was an Elder of Dithmenos.
             Slain by a blink frog (17 damage)
             ... on Level 2 of the Lair of Beasts.
             The game lasted 00:29:54 (14820 turns).

Kae the Covert (Spriggan Enchanter)                Turns: 14820, Time: 00:29:54

HP  -3/56        AC  2     Str  7      XL: 11   Next: 43%
MP  24/31        EV 19     Int 16      God: Dithmenos [****..]
Gold 567         SH  0     Dex 18      Spells:  4 memorised, 16 levels left

rFire  . . .     SeeInvis +     b - +1,+2 dagger (venom)
rCold  . . .     Clarity  .     x - +0 robe
rNeg   . . .     Conserve .     (shield restricted)
rPois  +         rCorr    .     (helmet restricted)
rElec  .         rRot     .     (no cloak)
SustAb + .       Spirit   .     (gloves unavailable)
rMut   .         Warding  .     (boots unavailable)
Saprov . . .     Stasis   .     (no amulet)
MR     +....                    p - ring of sustain abilities
                                g - ring of poison resistance

@: wreathed by umbra, very quick, somewhat resistant to hostile enchantments,
incredibly stealthy
A: unfitting armour, see invisible, herbivore 3, speed 3, slow metabolism 2
a: Shadow Step, Renounce Religion


You were on level 2 of the Lair of Beasts.
You worshipped Dithmenos.
Dithmenos was greatly pleased with you.
You were full.

You visited 3 branches of the dungeon, and saw 14 of its levels.

You collected 567 gold pieces.

Inventory:

Hand weapons
 b - a +1,+2 dagger of venom (weapon)
 o - a +0,+2 dagger of pain
Missiles
 d - 4 darts (quivered)
Armour
 x - a +0 robe (worn)
Comestibles
 l - a slice of pizza
 m - a rambutan
 n - 2 pears
 z - 8 bread rations
 H - 18 cheeses
Scrolls
 k - 5 scrolls of identify
 v - 3 scrolls of teleportation
 A - 3 scrolls of amnesia
 B - 4 scrolls of remove curse
Jewellery
 g - a ring of poison resistance (left hand)
 p - a ring of sustain abilities (right hand)
 r - an uncursed ring of protection from fire
 u - an uncursed ring of regeneration
 C - an uncursed ring of teleportation
Potions
 f - 5 potions of heal wounds
 i - 2 potions of brilliance
 j - 6 potions of curing
 q - a potion of cure mutation
 t - a potion of poison
 w - 2 potions of might
 F - a potion of restore abilities
Books
 c - a book of Maledictions

   Spells                             Type                      Level
   *Corona                            Hexes                        1
   Sure Blade                         Hexes/Charms                 2
   *Ensorcelled Hibernation           Hexes/Ice                    2
   *Confuse                           Hexes                        3
   Enslavement                        Hexes                        4
   *Invisibility                      Hexes                        6
 h - a Grand Grimoire {highlevel}

   This book is beyond your current level of understanding.

   Spells                             Type                      Level
   Aura of Abjuration                 Summoning                    6
   Forceful Dismissal                 Summoning                    6
   Haunt                              Necromancy/Summoning         7
   Summon Greater Demon               Summoning                    7
   Malign Gateway                     Summoning/Translocation      7
   Summon Horrible Things             Summoning                    8


   Skills:
 + Level 5.5 Fighting
 * Level 11.4 Short Blades
 - Level 1.1 Throwing
 + Level 4.0 Dodging
 + Level 12.7 Stealth
 + Level 9.1 Spellcasting
 + Level 9.5 Hexes


You had 16 spell levels left.
You knew the following spells:

 Your Spells              Type           Power        Failure   Level  Hunger
a - Corona                Hex            #####..      1%          1    None
b - Ensorcelled Hibernat  Hex/Ice        ###...       1%          2    None
c - Confuse               Hex            #####...     1%          3    #......
d - Invisibility          Hex            #####...     34%         6    ######.


Dungeon Overview and Level Annotations

Branches:
Dungeon (11/15)            Temple (1/1) D:4             Orc (0/4) D:9
   Lair (2/8) D:10

Altars:
Ashenzari
Cheibriados
Dithmenos
Elyvilon
Fedhas
Kikubaaqudgha
Makhleb
Nemelex Xobeh
Okawaru
Sif Muna
Trog
Vehumet
Xom
Yredelemnul
Zin
The Shining One

Shops:
D:7 :   D:9 *


Innate Abilities, Weirdness & Mutations

You are tiny and cannot use many weapons and most armour.
You have supernaturally acute eyesight.
You are a herbivore.
You cover ground extremely quickly.
You need consume almost no food.


Message History

Aim: a blink frog (lightly wounded, poisoned, umbra)
The blink frog easily resists.
The blink frog hits you!
The blink frog blinks!
The blink frog completely misses you.
Casting: Ensorcelled Hibernation
Confirm with . or Enter, or press ? or * to list all spells.
Aiming: Ensorcelled Hibernation
Press: ? - help, Shift-Dir - straight line, f/p - blink frog
Aim: a blink frog (lightly wounded, poisoned, umbra)
The blink frog easily resists.
The blink frog misses you.
Casting: Ensorcelled Hibernation
Confirm with . or Enter, or press ? or * to list all spells.
Aiming: Ensorcelled Hibernation
Press: ? - help, Shift-Dir - straight line, f/p - blink frog
Aim: a blink frog (lightly wounded, poisoned, umbra)
The blink frog easily resists.
The blink frog hits you but does no damage.
The blink frog hits you! x2
* * * LOW HITPOINT WARNING * * *
The blink frog hits you!
You die...

# .<...
.....##
.......####
......)....#
............#
............#
.........F..#
#.....>@..# #
###Pf..F..#.#
##.......#
###.......##
#.........##
#........[.#
#.........##
#.........P#
#.#....?....#


You could see 2 blink frogs.

Vanquished Creatures
  Urug (D:11)
  Erolcha (D:10)
  A hill giant (D:10)
  The ghost of lisu the Shield-Bearer, an experienced MiFi of the Shining One (D:6)
  Joseph (D:8)
  An efreet (D:9)
  A troll (D:10)
  3 blink frogs
  A slime creature (D:7)
  A wyvern (D:10)
  A shark (D:10)
  10 yaks
  3 wolves (D:10)
  A water moccasin (Lair:1)
  3 porcupines (Lair:1)
  A black bear (D:8)
  An ice beast (D:3)
  A giant goldfish (D:10)
  A swamp drake (D:9)
  3 orc warriors
  A sky beast (D:7)
  6 centaurs
  5 ogres
  A big kobold (D:8)
  5 giant frogs
  2 giant slugs (Lair:1)
  5 scorpions
  A cyclops skeleton (D:8)
  An electric eel (D:10)
  A killer bee (D:9)
  3 crimson imps
  9 hounds
  3 goliath beetles
  2 big fish (D:10)
  A gnoll shaman (D:5)
  3 giant frog skeletons
  8 jellies
  An orange rat (D:7)
  15 orc wizards
  A black bear skeleton (D:7)
  11 worker ants
  6 orc priests
  An ogre skeleton (D:8)
  9 gnolls
  4 green rats (D:7)
  A shadow imp (D:10)
  15 adders
  An inept item mimic (D:2)
  An orc skeleton (D:10)
  A giant mite (D:2)
  7 worms
  2 adder skeletons (D:8)
  A giant eyeball (D:8)
  9 giant geckos
  14 oozes
  42 orcs
  13 bats
  A bat skeleton (D:6)
  7 giant cockroaches
  14 hobgoblins
  9 jackals
  20 kobolds
  9 giant newts
  2 giant spores
  10 goblins
  A hobgoblin skeleton (D:6)
  A kobold skeleton (D:6)
  5 quokkas
  29 rats
  12 ballistomycetes
  2 fungi (D:7)
371 creatures vanquished.

Vanquished Creatures (others)
  A giant frog (D:8)
  A giant spore (D:8)
  A rat (D:10)
  6 fungi (D:7)
9 creatures vanquished.

Grand Total: 380 creatures vanquished

Notes
Turn   | Place    | Note
--------------------------------------------------------------
     0 | D:1      | Kae, the Spriggan Enchanter, began the quest for the Orb.
     0 | D:1      | Reached XP level 1. HP: 9/9 MP: 4/4
   389 | D:1      | Reached XP level 2. HP: 8/13 MP: 7/7
   484 | D:1      | Learned a level 2 spell: Ensorcelled Hibernation
   508 | D:1      | Reached skill level 4 in Stealth
  1096 | D:1      | Reached XP level 3. HP: 3/16 MP: 3/9
  2015 | D:2      | Reached skill level 5 in Stealth
  2015 | D:2      | Reached XP level 4. HP: 3/21 MP: 5/12
  2685 | D:2      | Found a deep blue altar of Sif Muna.
  2715 | D:2      | Found a burning altar of Makhleb.
  3549 | D:3      | Noticed an ice beast
  3561 | D:3      | Learned a level 3 spell: Confuse
  3591 | D:3      | Killed an ice beast
  3591 | D:3      | Reached skill level 6 in Stealth
  3591 | D:3      | Reached XP level 5. HP: 24/24 MP: 13/16
  3604 | D:3      | Found a blossoming altar of Fedhas.
  3642 | D:3      | Noticed a necrophage
  4007 | D:3      | Reached XP level 6. HP: 22/28 MP: 15/18
  4438 | D:4      | Reached skill level 7 in Stealth
  4554 | D:4      | Reached skill level 5 in Hexes
  4710 | D:4      | Found a glowing silver altar of Zin.
  4808 | D:4      | Reached XP level 7. HP: 32/32 MP: 20/20
  4972 | D:4      | Found a staircase to the Ecumenical Temple.
  5027 | Temple   | Entered the Ecumenical Temple
  5033 | Temple   | Became a worshipper of Dithmenos the Shadowed
  5079 | D:4      | Reached skill level 5 in Short Blades
  5225 | D:4      | Reached skill level 8 in Stealth
  5380 | D:5      | Entered Level 5 of the Dungeon
  5793 | D:5      | Found a sparkling altar of Nemelex Xobeh.
  6041 | D:5      | Reached skill level 1 in Fighting
  6435 | D:6      | Reached XP level 8. HP: 37/37 MP: 21/23
  6544 | D:6      | Noticed lisu's ghost (experienced MiFi)
  6558 | D:6      | Killed lisu's ghost
  6558 | D:6      | Reached skill level 9 in Stealth
  6558 | D:6      | Reached skill level 5 in Spellcasting
  7260 | D:7      | Acquired Dithmenos' first power
  7617 | D:7      | Found Janneopp's Book Shop.
  7748 | D:7      | Noticed a slime creature
  7900 | D:7      | Reached XP level 9. HP: 43/43 MP: 2/26
  8135 | D:7      | Killed a slime creature
  8135 | D:7      | Reached skill level 10 in Stealth
  9001 | D:8      | Acquired Dithmenos' second power
  9270 | D:8      | Noticed Joseph
  9276 | D:8      | Killed Joseph
  9532 | D:8      | Reached skill level 11 in Stealth
  9678 | D:9      | Found a glowing golden altar of the Shining One.
  9818 | D:9      | Reached XP level 10. HP: 49/49 MP: 24/29
 10461 | D:9      | Found a staircase to the Orcish Mines.
 10846 | D:9      | Found an iron altar of Okawaru.
 10846 | D:9      | Found a basalt altar of Yredelemnul.
 11132 | D:9      | Found Eseajoy's Assorted Antiques.
 11178 | D:10     | Entered Level 10 of the Dungeon
 11375 | D:10     | Reached skill level 10 in Short Blades
 11653 | D:10     | Learned a level 6 spell: Invisibility
 11955 | D:10     | Reached skill level 12 in Stealth
 11968 | D:10     | Noticed a hill giant
 11990 | D:10     | Acquired Dithmenos' third power
 11997 | D:10     | Killed a hill giant
 12008 | D:10     | Reached skill level 5 in Fighting
 12011 | D:10     | Found a staircase to the Lair.
 12031 | D:10     | Reached XP level 11. HP: 52/55 MP: 12/31
 13014 | D:10     | Noticed Erolcha
 13019 | D:10     | Killed Erolcha
 13188 | D:10     | You fall through a shaft!
 13188 | D:11     | Noticed Urug
 13189 | D:11     | Killed Urug
 13373 | Lair:1   | Entered Level 1 of the Lair of Beasts
 14820 | Lair:2   | Slain by a blink frog

Action                   |  1- 3 |  4- 6 |  7- 9 | 10-12 || total
-------------------------+-------+-------+-------+-------++-------
Melee: Dagger            |   195 |   133 |   439 |   228 ||   995
Throw: Dart              |     6 |       |     4 |     1 ||    11
 Cast: Corona            |     1 |       |     1 |       ||     2
       Ensorcelled Hiber |    13 |    35 |   132 |   172 ||   352
       Confuse           |       |     8 |     9 |    17 ||    34
Invok: Shadow Step       |       |       |       |     4 ||     4
Evoke: Wand              |       |       |     3 |     1 ||     4
  Use: Potion            |       |     1 |     3 |     1 ||     5
       Scroll            |       |     7 |     9 |     5 ||    21
 Stab: Sleeping          |    20 |    35 |   112 |    93 ||   260
       Distracted        |     1 |     1 |     1 |     2 ||     5
       Confused          |       |     5 |     6 |     2 ||    13
       Paralysed         |       |       |     1 |       ||     1
